Map: Site Delta LE

Players

SKillous - Winner!

  • Race: Protoss Protoss
  • League: Grandmaster
  • Spawn Location: 5:00

ProtossFan (uThermal)

  • Race: Terran Terran
  • League: Grandmaster
  • Spawn Location: 11:00

Event: HomeStory Cup XXV

VOD

Have the link to the VOD?

Description

Time

  • Played on: June 21, 2024, 11:48 a.m.
  • Length: 8:14

All games in this series

Show
View Real Time Build Order
Export as new Build Order

SKillous Protoss - Winner!

Build Orders: 1 Gate Expand, Chargelot Immortal 

Get SALT Encoding   

  12  0:00  Probe  
  13  0:12  Probe  
  14  0:17  Pylon  
  14  0:24  Probe (Chrono Boost)  
  15  0:36  Probe (Chrono Boost)  
  15  0:38  Gateway  
  16  0:45  Probe (Chrono Boost)  
  16  0:46  Assimilator  
  17  0:50  Probe  
  18  1:03  Probe  
  19  1:15  Probe  
  20  1:25  Cybernetics Core  
  20  1:32  Nexus  
  20  1:35  Probe  
  21  1:41  Pylon  
  21  1:48  Assimilator  
  21  1:49  Probe  
  22  1:58  Adept (Chrono Boost)  
  22  2:01  Probe  
  23  2:02  Warp Gate  
  25  2:13  Probe  
  26  2:21  Adept  
  28  2:25  Probe  
  29  2:30  Robotics Facility  
  29  2:39  Probe (Chrono Boost)  
  29  2:41  Gateway  
  30  2:44  Probe (Chrono Boost)  
  30  2:51  Probe (Chrono Boost)  
  32  2:53  Stalker  
  32  2:54  Probe (Chrono Boost)  
  32  2:57  Probe (Chrono Boost)  
  36  3:00  Probe (Chrono Boost)  
  36  3:03  Probe  
  38  3:10  Probe  
  39  3:15  Probe  
  39  3:18  Observer (Chrono Boost)  
  41  3:20  Pylon  
  41  3:22  Probe  
  42  3:28  Probe  
  42  3:29  Warp Prism (Chrono Boost)  
  45  3:35  Probe  
  45  3:40  Probe  
  45  3:48  Probe  
  45  3:52  Probe  
  47  4:00  Probe  
  48  4:04  Stalker x2, Probe  
  48  4:08  Pylon  
  53  4:13  Nexus  
  53  4:16  Twilight Council  
  53  4:18  Forge  
  53  4:19  Probe  
  54  4:26  Probe, Pylon  
  54  4:30  Shield Battery  
  55  4:31  Probe  
  55  4:38  Probe, Pylon  
  56  4:39  Immortal (Chrono Boost)  
  61  4:46  Sentry x2  
  61  4:49  Charge (Chrono Boost)  
  61  4:50  Shield Battery  
  64  4:58  Gateway  
  64  5:00  Gateway  
  64  5:02  Protoss Ground Weapons Level 1 (Chrono Boost), Probe x2  
  66  5:09  Gateway  
  66  5:14  Probe  
  67  5:16  Probe  
  68  5:23  Immortal (Chrono Boost)  
  68  5:25  Probe  
  73  5:37  Probe  
  73  5:40  Stalker  
  76  5:47  Pylon  
  76  5:49  Probe  
  77  5:52  Shield Battery  
  77  5:54  Pylon  
  77  5:55  Probe x2, Immortal (Chrono Boost)  
  82  5:58  Gateway  
  82  6:02  Probe  
  83  6:04  Gateway x2, Zealot  
  83  6:07  Probe  
  83  6:08  Pylon  
  83  6:11  Zealot x2  
  90  6:12  Sentry  
  90  6:17  Zealot  
  94  6:20  Pylon  
  94  6:28  Probe  
  94  6:30  Probe x2  
  94  6:31  Assimilator, Immortal (Chrono Boost)  
  97  6:35  Assimilator  
  101  6:40  Probe  
  101  6:41  Pylon  
  101  6:42  Probe  
  101  6:43  Probe  
  104  6:51  Zealot x5  
  104  6:52  Probe  
  115  6:54  Probe  
  116  7:03  Zealot x3  
  122  7:18  Zealot x4, Pylon  
  126  7:25  Pylon  
  126  7:36  Pylon  
  126  7:39  Pylon  
  126  7:43  Zealot x4  
  132  7:48  Pylon  
  132  7:49  Nexus  
  124  7:52  Robotics Bay, Pylon  
  124  7:56  Zealot x4  
Show
View Real Time Build Order
Export as new Build Order

ProtossFan Terran 

Build Orders:  

Get SALT Encoding   

  12  0:00  SCV  
  13  0:12  SCV  
  14  0:17  Supply Depot  
  14  0:24  SCV  
  15  0:39  SCV, Barracks  
  16  0:43  Refinery  
  16  0:51  SCV  
  17  1:03  SCV  
  18  1:15  SCV  
  19  1:26  Marine  
  19  1:27  Orbital Command  
  20  1:45  Command Center  
  20  1:46  Barracks Reactor  
  20  1:54  SCV  
  21  1:57  Supply Depot  
  21  2:06  SCV  
  22  2:18  SCV  
  23  2:22  Marine  
  23  2:23  Marine  
  25  2:30  Command Center  
  25  2:33  SCV  
  26  2:41  Reaper x2  
  28  2:45  SCV  
  28  2:49  Barracks  
  29  2:56  Orbital Command  
  29  2:59  SCV  
  30  3:08  Barracks  
  30  3:11  SCV  
  31  3:13  Marine x2  
  33  3:22  SCV  
  33  3:23  SCV  
  35  3:29  Bunker  
  35  3:31  Marine x2  
  37  3:34  SCV  
  37  3:36  SCV  
  37  3:37  Barracks Tech Lab  
  39  3:46  SCV  
  40  3:50  Orbital Command  
  40  3:51  SCV, Marine x2  
  42  3:56  Marauder, Stimpack  
  42  3:58  Barracks Tech Lab, SCV  
  45  4:02  Refinery  
  45  4:03  SCV  
  45  4:04  Refinery  
  45  4:08  Marine  
  46  4:11  SCV  
  46  4:13  Marine  
  46  4:15  SCV, Marine  
  50  4:20  SCV  
  50  4:21  Marine  
  50  4:23  SCV  
  53  4:27  Factory  
  53  4:28  SCV  
  53  4:29  Marine  
  53  4:31  Marine  
  55  4:32  SCV  
  55  4:35  SCV  
  55  4:36  Combat Shield  
  55  4:37  Supply Depot  
  58  4:40  Marine  
  58  4:42  Marine  
  58  4:45  Supply Depot  
  60  4:47  Marine  
  61  4:56  Refinery  
  61  4:58  SCV x3, Marine x2  
  66  5:01  Marine  
  66  5:05  Supply Depot  
  66  5:10  SCV, Starport  
  66  5:12  Factory Reactor  
  66  5:14  SCV x2  
  68  5:17  Marine, Marauder  
  68  5:19  Marine  
  73  5:22  SCV  
  73  5:26  SCV x2, Marauder  
  78  5:34  Supply Depot, Marine  
  75  5:37  Marine  
  75  5:38  Marauder  
  75  5:41  Orbital Command  
  78  5:43  SCV  
  78  5:44  SCV, Engineering Bay  
  78  5:46  Engineering Bay  
  78  5:47  Marine  
  78  5:48  Concussive Shells  
  81  5:52  Marine  
  81  5:55  SCV, Marine  
  81  5:57  Factory Reactor, Medivac  
  84  5:58  Supply Depot  
  84  5:59  Medivac  
  84  6:01  Marine  
  84  6:03  SCV  
  90  6:05  Marine  
  90  6:10  Supply Depot  
  90  6:11  Terran Infantry Weapons Level 1, Marine  
  91  6:14  Terran Infantry Armor Level 1  
  91  6:15  SCV  
  93  6:19  Supply Depot, SCV  
  93  6:23  Marine x2  
  93  6:24  Marauder  
  99  6:27  SCV  
  99  6:31  Medivac x2  
  103  6:34  Supply Depot, Marine  
  103  6:36  Supply Depot  
  104  6:43  SCV  
  104  6:44  Barracks, Widow Mine  
  104  6:46  Barracks, Widow Mine  
  109  6:47  Marine  
  109  6:48  Marine  
  109  6:50  Marine  
  109  6:51  SCV  
  113  6:54  SCV  
  113  6:56  Supply Depot  
  113  6:58  SCV  
  113  6:59  Supply Depot  
  115  7:04  Medivac  
  115  7:06  Widow Mine  
  115  7:07  Widow Mine  
  115  7:08  SCV x2  
  123  7:09  Medivac  
  125  7:16  Missile Turret  
  125  7:17  SCV  
  125  7:19  Missile Turret  
  125  7:20  SCV  
  124  7:27  Marine x2  
  124  7:28  Marauder x2  
  122  7:34  Viking  
  122  7:36  Barracks Tech Lab x2  
  116  7:37  SCV  
  109  7:45  SCV, Marine x2  
  109  7:47  Widow Mine  
  109  7:49  Marine, Marauder  
  110  7:52  SCV  
  110  7:55  Marine  
  110  7:56  Marine  
Tags
 
Add a new tag
Caveats
  • Supply blocks, unpowered buildings, or Contaminate may cause inaccurate times.
  • Supply counts are checked every 10 seconds.